AoeStats
← Your Mom

Black Forest

508013354Analyzed
2v2 RM · 13d ago on Sep 20, 2026· 79m 21s· 4 players
Game mode
Random Map
Map size
Medium (4 player)
Population
200
Speed
Normal
Resources
Standard
Victory
Conquest
Starting age
Dark Age
Ending age
Imperial Age
RankedLock teamsTeams togetherTeam positionsShared explorationLock speedFull tech treeHidden civsTurbo modeCheats
Victory
Defeat
🇺🇸 Tupi · United States
836
+15
764
+19
🇱🇺 Burmese · Luxembourg
851
-49
🇩🇪 Khmer · Germany
792
-16
Your Mom
0:27 Loom
11:24 Feudal Age
12:40 Double-Bit Axe
13:17 Horse Collar
18:31 Fishing Lines
21:26 Wheelbarrow
21:08 Gold Mining
21:09 Stone Mining
25:24 Castle Age
30:54 Imperial Age
29:08 Bow Saw
29:19 Gillnets
30:14 Gold Shaft Mining
29:55 Heavy Plow
30:57 Caravan
34:02 Conscription
35:48 Crop Rotation
37:29 Scale Barding Armor
37:26 Scale Mail Armor
37:36 Forging
37:17 Fletching
37:29 Tusk Swords
37:31 Double Crossbow
36:55 Pikeman
36:58 Elite Battle Elephant
38:08 Husbandry
38:21 Bloodlines
37:58 Light Cavalry
40:08 Hussar
40:28 Elite Ballista Elephant
43:07 Fortified Wall
43:18 Ballistics
43:09 Masonry
43:05 Siege Engineers
43:00 Heavy Scorpion
44:45 Chain Barding Armor
44:41 Chain Mail Armor
45:02 Iron Casting
55:23 Capped Ram
72:18 Halberdier
requingal
15:34 Feudal Age
17:05 Wheelbarrow
16:14 Horse Collar
20:52 Scale Barding Armor
20:47 Scale Mail Armor
20:47 Padded Archer Armor
20:37 Fletching
20:57 Scale Barding Armor
20:53 Scale Mail Armor
20:54 Padded Archer Armor
22:20 Gold Mining
22:23 Stone Mining
22:22 Town Watch
24:00 Forging
26:53 Castle Age
27:40 Bloodlines
27:20 Arson
28:08 Hand Cart
27:57 Heavy Plow
28:39 Squires
28:25 Gambesons
28:52 Elite Skirmisher
28:56 Pikeman
31:19 Husbandry
33:22 Caravan
38:23 Imperial Age
40:09 Chain Barding Armor
40:05 Chain Mail Armor
40:26 Iron Casting
39:48 Bodkin Arrow
40:28 Crop Rotation
40:10 Elite Arambai
40:54 Howdah
40:57 Manipur Cavalry
41:19 Conscription
40:29 Halberdier
45:20 Elite Battle Elephant
46:55 Heated Shot
47:27 Ballistics
46:48 Treadmill Crane
48:12 Chemistry
50:17 Gold Shaft Mining
60:26 Plate Barding Armor
60:22 Plate Mail Armor
60:53 Blast Furnace
67:07 Loom
75:46 Man-at-Arms
76:31 Bracer
Bobby Brad Phill Johnson Mcguire
0:35 Loom
11:17 Feudal Age
12:38 Double-Bit Axe
13:58 Horse Collar
21:30 Castle Age
19:48 Stone Mining
19:56 Gold Mining
20:37 Scale Mail Armor
21:06 Forging
22:25 Bow Saw
22:18 Heavy Plow
21:53 Pikeman
24:11 Wheelbarrow
24:32 Arson
24:33 Gambesons
26:21 Man-at-Arms
28:39 Hand Cart
28:45 Hand Cart
28:16 Town Watch
28:39 Long Swordsman
29:55 Caravan
30:31 Town Patrol
32:47 Gold Shaft Mining
32:51 Stone Shaft Mining
35:14 Imperial Age
34:44 Iron Casting
37:09 Blast Furnace
35:51 Two-Handed Swordsman
36:33 Onager
37:53 Chain Mail Armor
38:25 Halberdier
38:26 Champion
41:30 Plate Mail Armor
41:30 Siege Onager
42:19 Stronghold
42:43 Masonry
42:30 Murder Holes
47:33 Elite Woad Raider
53:40 Fortified Wall
53:11 Treadmill Crane
53:37 Siege Engineers
Orion The Destroyer
0:27 Loom
14:13 Feudal Age
20:24 Castle Age
19:57 Double-Bit Axe
19:54 Horse Collar
20:46 Gold Mining
21:44 Stone Mining
25:59 Heavy Plow
26:48 Fletching
30:37 Caravan
32:18 Wheelbarrow
35:19 Imperial Age
33:37 Town Watch
34:02 Bodkin Arrow
36:19 Ballistics
35:53 Arrowslits
36:45 Bracer
37:28 Hand Cart
37:44 Padded Archer Armor
40:29 Chemistry
39:47 Leather Archer Armor
40:19 Bow Saw
40:34 Town Patrol
41:22 Gold Shaft Mining
40:45 Heated Shot
40:28 Elite Blackwood Archer
42:11 Ring Archer Armor
42:14 Forging
43:28 Two-Man Saw
42:48 Curare
43:34 Conscription
44:31 Coinage
44:50 Scale Mail Armor
45:41 Iron Casting
45:05 Murder Holes
46:02 Chain Mail Armor
46:50 Caciques
47:01 Treadmill Crane
51:23 Plate Mail Armor
50:24 Pikeman
51:00 Halberdier
51:44 Squires
53:33 Hoardings
55:46 Champi Runner
55:50 Elite Ibirapema Warrior
56:17 Arson
56:06 Sappers
58:32 Banking
59:09 Careening
58:30 Onager
60:58 Champi Warrior
Connection lost

Rejoining the realm…

Still unreachable

The connection could not be restored.

Session expired

The server has moved on; the page needs a fresh start.